 Dungeon Crawl Stone Soup version 0.29.0-11-gd7f09526c8 (webtiles) character file.

Game seed: 11800250119892219698

63 greasedhog the Chopper (level 4, -4/39 (41) HPs)
             Began as a Meteoran Berserker on Sept 6, 2022.
             Was a Believer of Trog.
             Slain by a goblin
             ... wielding a +6 dagger of venom
             ... led by Robin
              (9 damage)
             ... on level 3 of the Dungeon.
             The game lasted 00:02:09 (564 turns).

greasedhog the Chopper (Meteoran Berserker)          Turns: 564, Time: 00:02:10

HP:   -4/39 (41)    AC:  5    Str: 21    XL:     4   Next: 56%
MP:   5/5           EV: 11    Int:  8    God:    Trog [**....]
Gold: 31            SH:  0    Dex: 13    Spells: 3/3 levels left

rFire   . . .      SeeInvis +   a - +0 hand axe
rCold   . . .      Faith    +   (no shield)
rNeg    . . .      Spirit   .   f - +0 ring mail
rPois   .          Reflect  .   (no helmet)
rElec   .          Harm     .   (no cloak)
rCorr   .          Rampage  .   (no gloves)
Will    .....                   (no boots)
Stlth   +.........              c - amulet of faith
HPRegen 0.13/turn               d - ring of see invisible
MPRegen 0.09/turn               (no ring)

@: lethally poisoned (-4 -> -16), glowing, lightly drained
A: sense surroundings 1, otherworldly, glowing, explore regen
a: Renounce Religion, Berserk, Trog's Hand


You were on level 3 of the Dungeon.
You worshipped Trog.
Trog was pleased with you.
You visited 1 branch of the dungeon, and saw 3 of its levels.

You collected 31 gold pieces.

Inventory:

Hand Weapons
 a - a +0 hand axe (weapon)
Missiles
 h - 3 atropa-tipped darts (quivered)
Armour
 f - a +0 ring mail (worn)
Jewellery
 b - an amulet of magic regeneration
 c - an amulet of faith (around neck)
 d - a ring of see invisible (left hand)
Scrolls
 g - a scroll of noise {unknown}
 i - a scroll of teleportation {unknown}
Potions
 e - a potion of curing {unknown}


   Skills:
 * Level 4.4 Fighting
 * Level 4.9 Axes
 - Level 2.4 Armour
 - Level 2.4 Dodging


You had 3 spell levels left.
You didn't know any spells.
Your spell library was empty.

Dungeon Overview and Level Annotations

Branches:
Dungeon (3/15) Zot: 1220

Altars:

Annotations:
D:3 Robin


Innate Abilities, Weirdness & Mutations

You passively map a small area around you.
You are easily found by Zot.
You glow in the dark.
You regain HP and MP as you explore.


Message History

You closely miss the goblin. x2; The bat barely misses you.
Robin roars a battlecry!
The goblins go into a battle-frenzy!
The goblin barely misses you.
The goblin shoots a sling bullet.
The sling bullet hits you but does no damage.
A worm comes into view.
An adder comes into view.
The adder hisses angrily.
You hit the goblin.
The goblin is moderately wounded.
You miss the goblin. The bat hits you but does no damage.
The goblin closely misses you. The goblin completely misses you.
You hit the goblin.
You kill the goblin!
Trog accepts your kill.
You hit the goblin. x2
You kill the goblin!
Trog accepts your kill. Robin throws the goblin at you!
The goblin hits you with a +6 dagger of venom!
You are poisoned.
The goblin unwields a +0 sling.
The goblin wields a +0 club.
The goblin hits you but does no damage.
You feel very sick. Robin throws the goblin at you!
The goblin hits you with a +6 dagger of venom.
You are lethally poisoned!
There is a stone staircase leading up here.
Things that are here:
a +0 club; a +0 sling
* * * LOW HITPOINT WARNING * * *
You feel very sick.
The goblin unwields a +0 club.
The goblin wields a +0 sling.
The goblin shoots a sling bullet.
The sling bullet closely misses you.
The sling bullet closely misses the goblin.
The goblin hits you with a +3 dagger of draining.
* * * LOW HITPOINT WARNING * * *
You feel drained.
* * * LOW HITPOINT WARNING * * *
The goblin hits you with a +6 dagger of venom!
You die...

,
...).>./....[*
............ *
* ......ww...
......!g.. ,
...ggg., *
#ggb#* *
#g####### >
#)......#
##@g....# * *
##g....# , * *
*.....# , ,
,.....# , *
*.....# * *
.....# *
*.....# ######


You could see a worm, Robin, 2 gnolls, a dart slug, 5 goblins and a bat.

Vanquished Creatures
  3 adders
  A worm (D:2)
  2 dart slugs
  A giant cockroach (D:2)
  3 goblins (D:3)
  4 hobgoblins (D:3)
  3 jackals (D:1)
  3 kobolds
  A quokka (D:2)
  3 ball pythons
  A bat (D:1)
  A frilled lizard (D:2)
  2 rats (D:2)
28 creatures vanquished.

Vanquished Creatures (others)
  2 plants (D:2)
2 creatures vanquished.

Grand Total: 30 creatures vanquished

Notes
Turn   | Place    | Note
-------+----------+-------------------------------------------
     0 | D:1      | greasedhog the Meteoran Berserker began the quest for the
                  | Orb.
     0 | D:1      | Reached XP level 1. HP: 19/19 MP: 2/2
    13 | D:1      | Reached XP level 2. HP: 17/26 MP: 3/3
   126 | D:1      | Reached XP level 3. HP: 12/33 MP: 4/4
   455 | D:2      | Reached XP level 4. HP: 26/40 MP: 5/5
   551 | D:3      | Reached ** piety under Trog
   556 | D:3      | Noticed Robin
   564 | D:3      | Slain by a goblin

Illustrated notes

Levels and vault maps discovered:
D:1:      dpeg_arrival_arbitrary_c, layout_basic,
          hellmonk_ecumenical_altar_crossroads
D:2:      layout_rooms, serial_forest, infiniplex_forest_end_double,
          infiniplex_forest_lined_3, infiniplex_forest_join,
          infiniplex_forest_join, infiniplex_forest_3_way,
          infiniplex_forest_clump_tiny, uniq_jessica
D:3:      layout_rooms, mainiacjoe_overflow_brackets, lemuel_doored_altar,
          mainiacjoe_overflow_catwalk, uniq_robin

Skill      XL: |  1  2  3 |
---------------+----------+-----
Axes           | 4 |  4.9
Fighting       | 4 |  4.4
Armour         | |  2.4
Dodging        | |  2.4

Action                   |  1- 3 |  4- 6 || total
-------------------------+-------+-------++-------
Melee: Hand axe          |    57 |    44 ||   101
Invok: Berserk           |     1 |       ||     1
  Use: Scroll            |     1 |       ||     1
Armor: Animal skin       |    22 |       ||    22
       Ring mail         |    17 |    21 ||    38
Dodge: Dodged            |    50 |    19 ||    69
